 Dungeon Crawl Stone Soup version 0.29-a0-96-g93358da72b (webtiles) character file.

Game seed: 11879313034839335468

51 Sweetruy1997 the Chopper (level 3, -3/29 HPs)
             Began as a Demonspawn Chaos Knight on Feb 11, 2022.
             Was a Plaything of Xom.
             Slain by a worm (7 damage)
             ... on level 2 of the Dungeon.
             The game lasted 00:02:41 (1741 turns).

Sweetruy1997 the Chopper (Demonspawn Chaos Knight)  Turns: 1741, Time: 00:02:42

Health: -3/29      AC:  5    Str: 12    XL:     3   Next: 57%
Magic:  3/3        EV: 11    Int: 13    God:    Xom [..*...]
Gold:   167        SH:  0    Dex: 14    Spells: 2/2 levels left

rFire   . . .      SeeInvis .   a - +0 hand axe (chaos)
rCold   . . .      Faith    .   (no shield)
rNeg    . . .      Spirit   .   b - +2 leather armour
rPois   .          Reflect  .   (no helmet)
rElec   .          Harm     .   (no cloak)
rCorr   .          Rampage  .   (no gloves)
Will    .....                   (no boots)
Stlth   +.........              (no amulet)
HPRegen 0.09/turn               (no ring)
MPRegen 0.08/turn               (no ring)

@: no status effects
A: ignite blood 1
a: Renounce Religion


You were on level 2 of the Dungeon.
You worshipped Xom.
You were a toy of Xom.
You visited 1 branch of the dungeon, and saw 2 of its levels.

You collected 167 gold pieces.

Inventory:

Hand Weapons
 a - a +0 hand axe of chaos (weapon)
Armour
 b - a +2 leather armour (worn)
Potions
 c - 3 potions of attraction {unknown}
 d - a potion of degeneration {unknown}
 e - a potion of mutation {unknown}
 f - a potion of heal wounds {unknown}


   Skills:
 + Level 3.5 Fighting
 + Level 3.5 Axes
 - Level 2.0 Armour
 + Level 1.3 Dodging


You had 2 spell levels left.
You didn't know any spells.
Your spell library was empty.

Dungeon Overview and Level Annotations

Branches:
Dungeon (2/15)

Altars:


Innate Abilities, Weirdness & Mutations

Your demonic aura sometimes causes spilled blood to erupt in flames.


Message History

The jackal bites you but does no damage.
You closely miss the jackal.
The jackal bites you but does no damage.
The jackal bites you.
You barely miss the jackal. The jackal completely misses you.
The jackal bites you.
You hit the jackal. You burn the jackal.
The jackal is severely wounded.
You hit the jackal but do no damage.
The jackal is poisoned.
The jackal misses you.
The jackal bites you but does no damage.
The jackal barely misses you.
You barely miss the jackal.
The jackal is severely wounded.
You hit the jackal. You burn the jackal.
You kill the jackal!
The jackal bites you.
The jackal bites you but does no damage.
You completely miss the jackal.
The jackal is severely wounded.
The jackal misses you.
The jackal bites you but does no damage.
You miss the jackal.
The jackal is severely wounded.
The jackal barely misses you.
You hit the jackal.
You kill the jackal!
HP restored.
You see here a jackal corpse.
You see here a jackal corpse.
The worm bites you!
You completely miss the worm. The worm bites you!
You are too injured to fight recklessly!
You aren't carrying any items that you can evoke. "How about this?"
You do an impromptu tapdance.
The worm bites you!
* * * LOW HITPOINT WARNING * * *
You emit a cloud of colourful smoke!
You barely miss the worm. The worm bites you!
You die...

#.........#.# ##.#.## #.>.
#.........#.####....## #.#)
#.........#.##........####...
##.......##.##.##.........<..
##.........##....###.###..##
##...........#### #......##
#........#### ###.....#
#.......§##### #...###..
#.......w@§..# #...# ##.
#.......§###.####... #.
####...####.†...#### #.
#...#.^.......^.# ##
#...#^#.......#^# #
#...#...........#
#...###.##_##.###
#...#8^..#.#....#
##########.######


You could see a worm.

Vanquished Creatures
  An adder (D:2)
  A dart slug (D:1)
  4 bats
  3 endoplasms
  A giant cockroach (D:2)
  4 hobgoblins (D:1)
  3 jackals (D:2)
  4 kobolds
  A quokka (D:1)
  7 ball pythons
  4 goblins
  4 rats
37 creatures vanquished.

Notes
Turn   | Place    | Note
-------+----------+-------------------------------------------
     0 | D:1      | Sweetruy1997 the Demonspawn Chaos Knight began the quest
                  | for the Orb.
     0 | D:1      | Reached XP level 1. HP: 18/18 MP: 1/1
    81 | D:1      | Gained mutation: Your demonic aura sometimes causes spilled
                  | blood to erupt in flames. [demonic ancestry]
    81 | D:1      | Reached XP level 2. HP: 24/24 MP: 2/2
    85 | D:1      | Reached skill level 1 in Dodging
   614 | D:1      | XOM: divination: magic mapping
  1075 | D:2      | Reached XP level 3. HP: 23/29 MP: 3/3
  1429 | D:2      | XOM: silly message
  1480 | D:2      | XOM: divination: detect items
  1669 | D:2      | Found a faded altar of an unknown god.
  1740 | D:2      | XOM: silly message
  1740 | D:2      | XOM: smoke on damage
  1741 | D:2      | Slain by a worm

Illustrated notes

Levels and vault maps discovered:
D:1:      roderic_dead_forest, layout_loops_ring, minmay_vboxes
D:2:      layout_rooms, shapermc_ecumenical_altar_mp_highgroup,
          minmay_split_cup_small

Skill      XL: |  1  2  3 |
---------------+----------+-----
Axes           | 3 |  3.5
Dodging        | 1 |  1.3
Armour         | 2 |  2.0
Fighting       | |  3.5

Action                   || total
-------------------------++-------
Melee: Hand axe          ||    91
       Punch             ||     2
 Stab: Paralysed         ||     1
Armor: Leather armour    ||    36
Dodge: Dodged            ||    55

Table legend: (Time is in decaauts)
 A = Elapsed time spent in this place.
 B = Non-inter-level travel time spent in this place.
 C = Inter-level travel time spent in this place.
 D = Time resting spent in this place.
 E = Time spent auto-exploring this place.
 F = Levels seen in this place.
 G = Mean time per level.
                   A        B        C        D        E       F      G
               +--------+--------+--------+--------+--------+-----+--------+
         Total |   1754 |   1691 |     63 |      0 |   1407 |   2 |  877.0 |
       Dungeon |   1754 |   1691 |     63 |      0 |   1407 |   2 |  877.0 |
               +--------+--------+--------+--------+--------+-----+--------+

Top non-repeatable levels by time:
     D:1: 1198 daAuts
     D:2: 555 daAuts
